 Dungeon Crawl Stone Soup version 0.29.1-2-gbd0b4ee654 (webtiles) character file.

Game seed: 9532861341566227910

114 Lutefisk the Stinger (level 4, -3/40 HPs)
             Began as a Naga Venom Mage on Oct 29, 2022.
             Killed from afar by a kobold (10 damage)
             ... with a bolt of dispelling energy
             ... on level 3 of the Dungeon.
             The game lasted 00:09:04 (1121 turns).

Lutefisk the Stinger (Naga Venom Mage)              Turns: 1121, Time: 00:09:05

Health: -3/40      AC:  5    Str: 16    XL:     4   Next: 98%
Magic:  2/7        EV:  9    Int: 16    God:
Gold:   84         SH:  0    Dex: 18    Spells: 4/7 levels left

rFire   . . .      SeeInvis +   f - +0 whip
rCold   . . .      Faith    .   (no shield)
rNeg    . . .      Spirit   .   k - +1 ring mail "Nuhent" {Will+ Dex+5 Stlth+}
rPois   +          Reflect  .   (no helmet)
rElec   .          Harm     .   (no cloak)
rCorr   .          Rampage  .   (no gloves)
Will    +....                   (no barding)
Stlth   +++.......              (no amulet)
HPRegen 0.13/turn               c - +6 ring of strength
MPRegen 0.10/turn               (no ring)

@: short of breath, very slow
A: AC +1, large, see invisible, deformed body, poison resistance, slowness 2,
spit poison 1, naga tail 1
a: Spit Poison


You were on level 3 of the Dungeon.
You visited 1 branch of the dungeon, and saw 3 of its levels.

You collected 84 gold pieces.

Inventory:

Hand Weapons
 f - a +0 whip (weapon)
Missiles
 n - 3 javelins
Armour
 k - the +1 ring mail "Nuhent" (worn) {Will+ Dex+5 Stlth+}
   (You found it on level 2 of the Dungeon)

   Dex:       It affects your dexterity (+5).
   Will:      It increases your willpower.
   Stlth:     It makes you more stealthy.
Magical Staves
 l - a staff of cold
Jewellery
 c - a +6 ring of strength (left hand)
Scrolls
 a - 3 scrolls of identify {unknown}
 e - a scroll of noise {unknown}
 i - 3 scrolls of magic mapping {unknown}
 j - a scroll of fog {unknown}
 m - a scroll of fear {unknown}
Potions
 b - a potion of magic
 d - a potion of curing {unknown}
 g - a potion of flight {unknown}
 h - a potion of degeneration {unknown}


   Skills:
 * Level 2.7 Fighting
 - Level 1.0 Armour
 - Level 1.5 Dodging
 - Level 4.0 Stealth
 - Level 2.0 Spellcasting
 - Level 1.0 Transmutations
 * Level 4.9 Poison Magic
 - Level 1.0 Evocations


You had 4 spell levels left.
You knew the following spells:

 Your Spells              Type           Power      Damage    Failure   Level
a - Sting                 Tmut/Pois      44%        1d5       12%         1
b - Poisonous Vapours     Pois/Air       18%        N/A       22%         2

Your spell library contained the following spells:

 Spells                   Type           Power      Damage    Failure   Level
 Olgreb's Toxic Radiance  Pois           17%        N/A       45%         4
 Mephitic Cloud           Conj/Pois/Air  6%         N/A       52%         3


Dungeon Overview and Level Annotations

Branches:
Dungeon (3/15)

Altars:

Shops:
D:2 :


Innate Abilities, Weirdness & Mutations

Your serpentine skin is tough. (AC +1)
You have supernaturally acute eyesight. (SInv)
Armour fits poorly on your strangely shaped body.
Your system is resistant to poisons. (rPois)
You cover ground very slowly.
You can spit poison.
You have a snake-like lower body.


Message History

Aiming: Sting (safe; 12% risk of failure)
Press: ? - help, Shift-Dir - straight line, f/p - adder
Aim: an adder (lightly wounded, poisoned, 53% to hit)
The sting hits the adder but does no damage.
The adder looks even sicker.
The adder is lightly wounded.
The adder barely misses you.
Casting: Sting (safe; 12% risk of failure)
Confirm with . or Enter, or press ? or * to list all spells.
Aiming: Sting (safe; 12% risk of failure)
Press: ? - help, Shift-Dir - straight line, f/p - adder
Aim: an adder (lightly wounded, very poisoned, 53% to hit)
The sting hits the adder.
The adder looks even sicker.
The adder is heavily wounded.
The adder bites you.
Unknown command.
You closely miss the adder.
The adder is heavily wounded.
The adder closely misses you. The adder bites you.
You hit the adder.
The adder is heavily wounded.
The adder completely misses you.
You hit the adder.
The adder is almost dead.
You kill the adder!
The kobold zaps a wand.
The bolt of dispelling energy misses the ball python.
The bolt of dispelling energy hits you!
* * * LOW HITPOINT WARNING * * *
A rat comes into view.
Training target 1.0 for Evocations reached!
Your Evocations skill increases to level 1!
Aiming: Spit Poison (1% risk of failure)
Press: ? - help, Shift-Dir - straight line, f - kobold
Aim: a kobold, wielding a +0 club and carrying a wand of quicksilver (7) (50% to hit)
The splash of poison hits the ball python!
The ball python is poisoned.
You kill the ball python!
The kobold zaps a wand.
The bolt of dispelling energy hits you!
You die...

##................##...#..
###.....##........#.......
# ########................
#####.....................
..........................
.........#########........
####.....### #........
.#####.#..<#######K..#....
..........†#....@..#......
................###.......
................ ....r..
..>.......#.....
.>.........
.......(..#..##.
..<........
#######.####..##
...........
..#####.#...#..
##......... ......^.......
#.........
#....##.........###
#)....#...


You could see a kobold and a rat (wandering).

Vanquished Creatures
  A gnoll (D:2)
  6 adders
  A shadow imp (D:3)
  An orc (D:2)
  5 ball pythons
  7 giant cockroaches
  8 goblins
  4 hobgoblins
  A quokka (D:1)
  2 bats
  2 frilled lizards
  3 kobolds
  2 rats (D:2)
43 creatures vanquished.

Notes
Turn   | Place    | Note
-------+----------+-------------------------------------------
     0 | D:1      | Lutefisk the Naga Venom Mage began the quest for the Orb.
     0 | D:1      | Reached XP level 1. HP: 15/15 MP: 3/3
   143 | D:1      | Reached skill level 1 in Fighting
   143 | D:1      | Reached XP level 2. HP: 25/25 MP: 0/5
   310 | D:1      | Found a faded altar of an unknown god.
   442 | D:2      | Found Aghy's Book Emporium.
   478 | D:2      | Identified the +1 ring mail "Nuhent" {Will+ Dex+5 Stlth+}
   543 | D:2      | Reached XP level 3. HP: 32/32 MP: 3/6
   835 | D:2      | Reached skill level 1 in Armour
   835 | D:2      | Reached XP level 4. HP: 27/39 MP: 1/7
   936 | D:3      | Learned a level 2 spell: Poisonous Vapours
  1121 | D:3      | Reached skill level 1 in Evocations
  1121 | D:3      | Killed from afar by a kobold

Illustrated notes

Levels and vault maps discovered:
D:1:      sevenhm_arrival_forest_fort_large_4, layout_basic,
          hellmonk_ecumenical_altar_prayer_group, hangedman_feature_mirror,
          moated_statue, grunt_decor_fettered, minmay_misc_feat_alley
D:2:      layout_rooms, serial_shops, nicolae_shop_advertising_works
          [nicolae_subvault_shop_adworks], minmay_tetromino_l2
D:3:      layout_rooms, lemuel_doored_altar, chequers_serial_rivers_large_a,
          minmay_tree_intersection, uniq_robin

Skill      XL: |  1  2  3  4 |
---------------+-------------+-----
Fighting       | 1 2 |  2.7
Stealth        | 4 |  4.0
Armour         | 1 |  1.0
Evocations     | 1 |  1.0
Dodging        | |  1.5
Spellcasting   | |  2.0
Transmutations | |  1.0
Poison Magic   | |  4.9

Action                   |  1- 3 |  4- 6 || total
-------------------------+-------+-------++-------
Melee: Unarmed           |     2 |       ||     2
       Whip              |    29 |    17 ||    46
 Cast: Sting             |    35 |    24 ||    59
       Poisonous Vapours |       |     1 ||     1
 Abil: Spit Poison       |       |     3 ||     3
 Stab: Sleeping          |     1 |       ||     1
Armor: Robe              |     1 |       ||     1
       Ring mail         |    12 |     9 ||    21
Dodge: Dodged            |    17 |    15 ||    32
